 Dungeon Crawl Stone Soup version 0.22-a0-377-g846bec1 (webtiles) character file.

1619 iamserjio the Cudgeler (level 8, -3/57 HPs)
             Began as a Demonspawn Skald on Apr 27, 2018.
             Slain by an orc warrior
             ... wielding a +0 flail of holy wrath
              (18 damage)
             ... on level 5 of the Dungeon.
             The game lasted 00:26:29 (8079 turns).

iamserjio the Cudgeler (Demonspawn Skald)           Turns: 8079, Time: 00:26:30

Health: -3/57      AC: 13    Str: 13    XL:     8   Next: 64%
Magic:  0/14       EV: 17    Int: 20    God:
Gold:   201        SH:  0    Dex: 17    Spells: 9/15 levels left

rFire    . . .     SeeInvis .   w - +0 flail
rCold    . . .     Gourm    .   (no shield)
rNeg     . . .     Faith    .   o - +0 ring mail
rPois    .         Spirit   +   x - +0 helmet
rElec    .         Reflect  .   s - +0 cloak
rCorr    .         Harm     .   q - +2 pair of gloves
MR       .....                  (no boots)
Stlth    ++........             l - amulet of guardian spirit
HPRegen  0.19/turn              e - +4 ring of intelligence
MPRegen  0.14/turn              (no ring)

@: agile, very slightly contaminated
A: yellow scales 1, powered by death 2, rot immunity
a: no special abilities


You were on level 5 of the Dungeon.
You were not hungry.

You visited 1 branch of the dungeon, and saw 6 of its levels.

You collected 201 gold pieces.

Inventory:

Hand Weapons
 b - a +0 whip of venom
 f - a +4 quarterstaff of chaos
 w - a +0 flail (weapon)
 y - a +1 whip of freezing
Armour
 g - a +0 cloak
 o - a +0 ring mail (worn)
 q - a +2 pair of gloves (worn)
 s - a +0 cloak (worn)
 t - a +0 scale mail
 x - a +0 helmet (worn)
Jewellery
 e - a +4 ring of intelligence (left hand)
 l - an amulet of guardian spirit (around neck)
Scrolls
 a - 2 scrolls of identify
 n - 4 scrolls of amnesia
 p - 2 scrolls of immolation
 r - 3 scrolls of remove curse
Potions
 i - a potion of brilliance
 j - a potion of invisibility
 k - 2 potions of curing
 m - 2 potions of mutation
 u - 2 potions of agility
 v - a potion of ambrosia
Comestibles
 d - 5 rations


   Skills:
 - Level 2.8 Fighting
 * Level 6.0 Maces & Flails
 + Level 4.4 Armour
 - Level 2.8 Dodging
 + Level 4.1 Spellcasting
 - Level 5.5 Charms


You had 9 spell levels left.
You knew the following spells:

 Your Spells              Type           Power        Failure   Level  Hunger
a - Infusion              Chrm           ####         2%          1    None
b - Shroud of Golubria    Chrm/Tloc      ###.......   12%         2    #......
c - Spectral Weapon       Hex/Chrm       ###.....     24%         3    ###....


Dungeon Overview and Level Annotations

Branches:
Dungeon (6/15)             Temple (0/1) D:4

Altars:
Ashenzari
Elyvilon
Qazlal
Ru
Sif Muna
Uskayaw
Vehumet
Yredelemnul

Shops:
D:4 (

Annotations:
D:3 Sigmund
D:5 2 transporters


Innate Abilities, Weirdness & Mutations

You are partially covered in yellow scales. (AC +2)
You regenerate health from kills.
You are immune to rotting.


Message History

The orc warrior barely misses you.
You closely miss the orc warrior.
The orc warrior is moderately wounded.
Your spectral weapon barely misses the orc warrior.
The orc warrior misses you.
You hit the orc warrior but do no damage.
The orc warrior is moderately wounded.
Your spectral weapon completely misses the orc warrior.
The orc warrior hits you with a flail of holy wrath!
You convulse!
* * * LOW HITPOINT WARNING * * *
You hit the orc warrior but do no damage.
The orc warrior is moderately wounded.
Your spectral weapon hits the orc warrior!
The orc warrior hits you but does no damage.
You completely miss the orc warrior.
The orc warrior is severely wounded.
Your spectral weapon closely misses the orc warrior.
The orc warrior hits you with a flail of holy wrath!!
You die...

## ######## ######## #
.########......######......# #
.#......'......#....#......# #
.#......#......#@(..#......# #
.#......#......+o...#......# #
.#......#......#'####......# #
.##.....#......#..(.#......# #
######'##......#....'.>....# #
........#......#....#......# #
........#......#....#......######
........#......+....######.......
###..####......##...##...#.....#.


You could see an orc warrior and a friendly spectral flail.

Vanquished Creatures
  Pikel (D:4)
  The ghost of iamserjio the Charmwright, an amateur DsSk (D:3)
  3 slaves (D:4)
  A black bear (D:3)
  An ogre (D:5)
  3 centaurs
  A scorpion (D:5)
  4 crimson imps
  A hound (D:5)
  2 centaur zombies (D:5)
  Crazy Yiuf (D:5)
  A bullfrog skeleton (D:6)
  A worker ant (D:5)
  2 hound zombies
  A hound skeleton (D:5)
  Robin (D:5)
  3 gnolls (D:5)
  8 adders
  2 shadow imps (D:5)
  3 oozes
  2 worms
  2 dart slugs (D:3)
  2 leopard geckos
  7 orcs
  A ball python (D:1)
  5 bats
  5 giant cockroaches
  17 goblins
  7 hobgoblins
  6 jackals
  7 kobolds
  2 quokkas
  6 frilled lizards
  A leopard gecko zombie (D:5)
  A quokka skeleton (D:4)
  11 rats
123 creatures vanquished.

Notes
Turn   | Place    | Note
-------+----------+-------------------------------------------
     0 | D:1      | iamserjio the Demonspawn Skald began the quest for the Orb.
     0 | D:1      | Reached XP level 1. HP: 16/16 MP: 3/3
    44 | D:1      | Reached skill level 1 in Armour
   244 | D:1      | Gained mutation: You are partially covered in yellow scales. (AC +2) [demonic ancestry]
   244 | D:1      | Reached XP level 2. HP: 7/22 MP: 0/5
   531 | D:1      | Reached skill level 2 in Maces & Flails
  1062 | D:1      | Reached XP level 3. HP: 27/27 MP: 6/6
  1099 | D:1      | Learned a level 2 spell: Shroud of Golubria
  2087 | D:3      | Noticed a black bear
  2126 | D:3      | Noticed Sigmund
  2328 | D:3      | Gained mutation: You regenerate a little health from kills. [demonic ancestry]
  2328 | D:3      | Reached XP level 4. HP: 28/33 MP: 5/7
  2372 | D:3      | Noticed iamserjio's ghost (amateur DsSk)
  2784 | D:3      | Killed a black bear
  2784 | D:3      | Reached XP level 5. HP: 29/38 MP: 0/8
  2882 | D:3      | Found a stormy altar of Qazlal.
  3577 | D:3      | Killed iamserjio's ghost
  3577 | D:3      | Gained mutation: You regenerate health from kills. [demonic ancestry]
  3577 | D:3      | Reached XP level 6. HP: 34/44 MP: 4/10
  3786 | D:3      | Found a basalt altar of Yredelemnul.
  4068 | D:4      | Noticed Robin
  4221 | D:4      | Found Busir's Antique Weapon Emporium.
  4271 | D:4      | Found a shattered altar of Ashenzari.
  4286 | D:4      | Noticed Pikel
  4286 | D:4      | Noticed a slave
  4287 | D:4      | Noticed a slave
  4287 | D:4      | Noticed a slave
  4323 | D:5      | Entered Level 5 of the Dungeon
  4376 | D:5      | Killed Robin
  4702 | D:4      | Reached skill level 3 in Maces & Flails
  4760 | D:4      | Found a white marble altar of Elyvilon.
  4906 | D:4      | Noticed a slave
  5251 | D:4      | Found a staircase to the Ecumenical Temple.
  5372 | D:4      | Killed a slave
  5386 | D:4      | Killed a slave
  5713 | D:4      | Killed Pikel
  5713 | D:4      | Reached skill level 4 in Maces & Flails
  5713 | D:4      | Reached skill level 5 in Charms
  5713 | D:4      | Reached XP level 7. HP: 25/51 MP: 2/11
  6322 | D:5      | Learned a level 3 spell: Spectral Weapon
  6480 | D:5      | Found a hide-covered altar of Uskayaw.
  6480 | D:5      | Found a radiant altar of Vehumet.
  6515 | D:5      | Gained mutation: You are immune to rotting. [demonic ancestry]
  6515 | D:5      | Reached XP level 8. HP: 46/57 MP: 7/12
  6803 | D:5      | Found a transporter.
  6806 | D:5      | Noticed a kobold demonologist
  6808 | D:5      | Found a sacrificial altar of Ru.
  6808 | D:5      | Found a transporter.
  6874 | D:5      | Reached skill level 5 in Maces & Flails
  7186 | D:5      | Found a runed door.
  7193 | D:5      | Noticed Crazy Yiuf
  7198 | D:5      | Killed Crazy Yiuf
  7649 | D:6      | Found a deep blue altar of Sif Muna.
  7764 | D:6      | Reached skill level 6 in Maces & Flails
  8079 | D:5      | Slain by an orc warrior

Vault maps used:
D:1:      minmay_arrival_up_and_down
D:2:      nrook_mini_vaults, item_on_display_a
D:3:      lemuel_crystal_altar, nicolae_qazlal_general_emergency, first_ration,
          uniq_sigmund
D:4:      nicolae_overflow_crystal_walls, kennysheep_mini_moat, temple_hall,
          serial_shops, shop, uniq_robin, uniq_pikel
D:5:      gammafunk_temple_overflow_arena, gammafunk_temple_overflow_elements,
          uniq_crazy_yiuf_cottage
D:6:      old_standard_altar, enter_ossuary_5, dk_rats_in_the_wall

Skill      XL: |  1  2  3  4  5  6  7  8 |
---------------+-------------------------+-----
Armour         | 1 2 3 4 |  4.4
Charms         | 3 4 5 |  5.5
Maces & Flails | 2 4 6 |  6.0
Dodging        | 2 |  2.8
Spellcasting   | 3 4 |  4.1
Fighting       | |  2.8

Action                   |  1- 3 |  4- 6 |  7- 9 || total
-------------------------+-------+-------+-------++-------
Melee: Mace              |   146 |   102 |       ||   248
       Flail             |       |   188 |   175 ||   363
       Whip              |       |       |    81 ||    81
 Cast: Infusion          |     6 |     8 |     1 ||    15
       Shroud of Golubri |       |    11 |     6 ||    17
       Spectral Weapon   |       |       |     9 ||     9
  Use: Scroll            |     7 |    10 |     3 ||    20
       Potion            |     1 |     1 |     1 ||     3
 Stab: Distracted        |       |       |     1 ||     1
  Eat: Chunk             |     3 |    10 |     4 ||    17
       Ration            |     1 |     1 |     1 ||     3
Armor: Leather armour    |    24 |       |       ||    24
       Ring mail         |    20 |   235 |   121 ||   376
Dodge: Dodged            |   122 |   274 |   144 ||   540

Table legend:
 A = Spawn XP
 B = Non-spawn XP
 C = Spawn XP percentage of total XP
 D = Spawn monster count
 E = Non-spawn monster count
 F = Spawn count percentage of total count
 G = Total turns spent on level
                    A         B        C        D         E        F      G
               +---------+---------+-------+---------+---------+-------+---------
         Total |       0 |    2313 |   0.0 |       0 |     120 |   0.0 |  8079
               +---------+---------+-------+---------+---------+-------+---------
           D:1 |       0 |      43 |   0.0 |       0 |      22 |   0.0 |  1131
           D:2 |       0 |      52 |   0.0 |       0 |      23 |   0.0 |  1492
           D:3 |       0 |     417 |   0.0 |       0 |      29 |   0.0 |  1518
           D:4 |       0 |     668 |   0.0 |       0 |      13 |   0.0 |  1623
           D:5 |       0 |     731 |   0.0 |       0 |      25 |   0.0 |  2061
           D:6 |       0 |     402 |   0.0 |       0 |       8 |   0.0 |   254
               +---------+---------+-------+---------+---------+-------+---------
